Map: Overgrowth LE (Void)

Players

Classic - Winner!

  • Race: Protoss Protoss
  • League: Grandmaster
  • Spawn Location: 7:00

soO

  • Race: Zerg Zerg
  • League: Grandmaster
  • Spawn Location: 1:00

Event: Polygon Gaming Invitational 7

VOD

Have the link to the VOD?

Description

Time

  • Played on: Jan. 14, 2017, 2:06 p.m.
  • Length: 10:10

All games in this series

Show
View Real Time Build Order
Export as new Build Order

Classic Protoss - Winner!

Build Orders: Oracle Opening 

Get SALT Encoding   

  12  0:00  Probe (Chrono Boost)  
  13  0:11  Probe (Chrono Boost)  
  14  0:20  Pylon  
  14  0:22  Probe (Chrono Boost)  
  15  0:39  Probe (Chrono Boost), Gateway  
  16  0:43  Assimilator  
  16  0:49  Probe (Chrono Boost)  
  17  1:00  Probe (Chrono Boost)  
  17  1:01  Pylon  
  18  1:10  Probe (Chrono Boost)  
  19  1:21  Probe (Chrono Boost)  
  19  1:22  Pylon  
  19  1:23  Zealot  
  20  1:26  Cybernetics Core  
  20  1:31  Assimilator  
  22  1:35  Probe (Chrono Boost)  
  23  1:46  Zealot  
  24  1:47  Probe (Chrono Boost)  
  26  2:00  Probe (Chrono Boost)  
  27  2:05  Pylon  
  27  2:07  Pylon  
  27  2:10  Adept  
  29  2:20  Pylon  
  29  2:25  Warp Gate  
  29  2:41  Nexus  
  29  2:51  Stargate  
  29  2:55  Probe (Chrono Boost)  
  30  2:59  Sentry  
  33  3:05  Probe (Chrono Boost)  
  33  3:16  Probe (Chrono Boost)  
  33  3:18  Pylon  
  34  3:26  Sentry  
  37  3:27  Probe (Chrono Boost)  
  37  3:31  Oracle  
  37  3:39  Probe (Chrono Boost)  
  41  3:51  Probe (Chrono Boost)  
  41  3:55  Probe (Chrono Boost)  
  43  4:02  Oracle  
  44  4:03  Probe (Chrono Boost)  
  44  4:05  Gateway  
  44  4:06  Probe (Chrono Boost)  
  48  4:10  Gateway  
  48  4:15  Probe (Chrono Boost)  
  48  4:16  Probe (Chrono Boost)  
  50  4:30  Probe (Chrono Boost)  
  52  4:31  Probe (Chrono Boost)  
  52  4:38  Pylon  
  52  4:41  Probe (Chrono Boost)  
  52  4:42  Mothership Core (Chrono Boost)  
  52  4:43  Adept  
  57  4:51  Probe (Chrono Boost)  
  58  5:00  Probe (Chrono Boost)  
  58  5:02  Probe (Chrono Boost)  
  58  5:06  Assimilator  
  60  5:07  Assimilator  
  60  5:08  Twilight Council  
  60  5:09  Forge, Pylon  
  60  5:10  Sentry x2  
  60  5:11  Probe (Chrono Boost)  
  60  5:13  Probe (Chrono Boost), Zealot  
  68  5:21  Probe (Chrono Boost)  
  68  5:24  Probe (Chrono Boost), Pylon  
  70  5:30  Gateway  
  70  5:31  Protoss Ground Weapons Level 1, Gateway  
  70  5:32  Probe (Chrono Boost)  
  70  5:33  Blink  
  71  5:37  Gateway  
  71  5:56  Probe (Chrono Boost)  
  72  6:01  Robotics Facility  
  72  6:05  Nexus  
  72  6:09  Pylon  
  72  6:16  Sentry  
  72  6:17  Sentry  
  76  6:23  Pylon  
  74  6:26  Pylon  
  74  6:32  Stalker  
  74  6:33  Stalker  
  74  6:39  Stalker  
  80  6:40  Stalker x2  
  80  6:45  Stalker  
  86  6:47  Warp Prism  
  88  7:01  Gateway  
  88  7:02  Gateway  
  83  7:24  Stalker x6  
  97  7:30  Probe (Chrono Boost)  
  97  7:31  Probe x2 (Chrono Boost)  
  96  7:47  Stalker x5  
  106  7:52  Stalker  
  108  8:13  Stalker x4  
  110  8:24  Stalker x2  
  110  8:25  Zealot x2  
  104  8:36  Stalker x4  
  98  8:48  Probe (Chrono Boost)  
  98  8:49  Probe (Chrono Boost), Stalker  
  98  8:50  Probe (Chrono Boost), Stalker x2  
  86  9:03  Warp Prism  
  86  9:04  Stalker x4  
Show
View Real Time Build Order
Export as new Build Order

soO Zerg 

Build Orders: Pool First 

Get SALT Encoding   

  12  0:17  Spawning Pool  
  11  0:21  Drone  
  11  0:26  Drone  
  13  0:30  Drone  
  14  0:39  Overlord  
  14  1:04  Zergling x6  
  17  1:17  Hatchery  
  17  1:18  Drone  
  17  1:27  Drone  
  18  1:33  Queen  
  18  1:37  Drone  
  21  1:47  Overlord  
  21  2:00  Drone  
  22  2:10  Drone  
  22  2:15  Queen  
  22  2:22  Drone  
  23  2:29  Drone  
  24  2:31  Drone  
  24  2:35  Queen  
  27  2:39  Extractor  
  27  2:42  Drone x2  
  28  2:50  Drone x4  
  32  2:57  Overlord  
  32  3:02  Zergling x2  
  33  3:07  Zergling x2  
  34  3:15  Drone  
  35  3:20  Drone  
  35  3:21  Drone x3  
  35  3:22  Hatchery  
  35  3:23  Drone  
  35  3:24  Drone  
  41  3:27  Drone  
  41  3:32  Overlord  
  41  3:34  Drone  
  41  3:38  Drone  
  43  3:42  Drone  
  43  3:43  Extractor  
  43  3:45  Metabolic Boost  
  43  3:49  Drone  
  43  3:52  Drone x3  
  47  3:57  Roach Warren  
  47  4:01  Overlord  
  46  4:03  Overlord  
  46  4:07  Overlord  
  46  4:14  Overlord  
  45  4:18  Drone  
  45  4:20  Drone x3  
  45  4:27  Drone x3  
  45  4:30  Drone  
  47  4:36  Drone  
  48  4:39  Spore Crawler, Drone  
  48  4:40  Drone  
  50  4:47  Roach x3  
  51  4:57  Zergling x2, Roach x2  
  54  5:05  Roach  
  55  5:10  Drone x3  
  55  5:13  Spore Crawler  
  57  5:17  Spore Crawler  
  57  5:20  Zergling x6  
  59  5:23  Spore Crawler  
  59  5:25  Zergling x2  
  59  5:30  Drone  
  59  5:31  Drone x2  
  62  5:45  Drone x2  
  62  5:46  Drone  
  65  5:52  Drone  
  65  5:53  Drone x2  
  65  5:56  Drone  
  65  5:57  Drone x2  
  71  5:58  Drone x2  
  71  6:00  Zergling x12  
  78  6:04  Lair  
  78  6:14  Drone x4  
  78  6:15  Overlord  
  78  6:16  Evolution Chamber  
  81  6:19  Overlord  
  81  6:23  Drone  
  81  6:24  Drone  
  82  6:28  Overlord  
  82  6:31  Overlord  
  82  6:33  Overlord  
  82  6:34  Drone  
  82  6:36  Drone x2  
  82  6:37  Drone  
  86  6:41  Extractor, Drone  
  86  6:42  Drone x2  
  86  6:43  Extractor, Drone  
  86  6:44  Zerg Missile Weapons Level 1  
  88  6:51  Hatchery  
  87  6:54  Drone x3  
  87  6:58  Ravager x5  
  87  6:59  Zergling x4, Roach x2  
  101  7:03  Extractor  
  101  7:05  Zergling x6, Roach x2  
  101  7:07  Zergling x2  
  106  7:17  Zergling x6, Roach x2  
  109  7:27  Ravager  
  109  7:29  Zergling x4, Roach  
  114  7:33  Roach x2  
  114  7:34  Zergling x6, Overlord  
  114  7:37  Overlord  
  121  7:44  Zergling x2  
  121  7:48  Overlord  
  121  7:49  Overlord  
  121  7:52  Overlord  
  121  7:55  Hydralisk Den  
  121  7:56  Overseer  
  121  7:57  Zergling x2, Roach x2  
  125  8:00  Zergling x2  
  125  8:02  Ravager x3  
  129  8:11  Zergling x6, Roach x2  
  126  8:15  Roach x2  
  126  8:19  Roach  
  125  8:20  Zergling x4, Roach  
  114  8:27  Roach  
  114  8:28  Zergling x2, Roach  
  114  8:32  Roach  
  107  8:38  Roach x2  
  107  8:40  Roach x2  
  114  8:43  Roach  
  114  8:46  Roach  
  114  8:47  Roach  
  99  8:53  Roach  
  99  8:54  Roach  
  85  8:58  Zergling x2, Roach  
  85  9:02  Roach  
  79  9:05  Roach  
  79  9:09  Roach  
  73  9:11  Ravager x4  
  73  9:12  Zergling x4  
  73  9:14  Queen x2  
  76  9:19  Ravager  
  76  9:21  Zergling x2, Roach  
  76  9:22  Zergling x2  
  73  9:24  Roach  
  73  9:26  Roach  
  73  9:29  Roach  
Tags
 
Add a new tag
Caveats
  • Supply blocks, unpowered buildings, or Contaminate may cause inaccurate times.
  • Supply counts are checked every 10 seconds.